 Dungeon Crawl Stone Soup version 0.26.0-10-g1f06aea511 (webtiles) character file.

Game seed: 6195886365448880301

107 runemasterragnar the Skirmisher (level 4, -1/50 HPs)
             Began as an Ogre Monk on Jan 13, 2021.
             Slain by an orc wizard
             ... wielding a +0 dagger
              (2 damage)
             ... on level 3 of the Dungeon.
             The game lasted 00:02:36 (2245 turns).

runemasterragnar the Skirmisher (Ogre Monk)         Turns: 2245, Time: 00:02:37

Health: -1/50      AC:  3    Str: 21    XL:     4   Next: 85%
Magic:  4/4        EV: 11    Int: 10    God:
Gold:   120        SH:  0    Dex: 11    Spells: 3/3 levels left

rFire    . . .     SeeInvis .   a - +1 mace
rCold    . . .     Faith    .   (no shield)
rNeg     . . .     Spirit   .   b - +0 robe
rPois    .         Reflect  .   (helmet restricted)
rElec    .         Harm     .   (no cloak)
rCorr    .         Rampage  .   (gloves unavailable)
Will     .....                  (boots unavailable)
Stlth    ++........             (no amulet)
HPRegen  0.16/turn              l - +6 ring of strength
MPRegen  0.09/turn              (no ring)

@: brilliant, flying
A: large, unfitting armour, dopey 1, sense surroundings 1, tough skin 1
a: no special abilities


You were on level 3 of the Dungeon.
You visited 1 branch of the dungeon, and saw 3 of its levels.

You collected 120 gold pieces.

Inventory:

Hand Weapons
 a - a +1 mace (weapon)
Armour
 b - a +0 robe (worn)
Jewellery
 l - a +6 ring of strength (left hand)
 m - an uncursed ring of ice {unknown}
Scrolls
 c - 2 scrolls of remove curse
 d - a scroll of identify
 h - 2 scrolls of enchant armour
Potions
 f - 2 potions of haste


   Skills:
 * Level 5.5 Fighting
 + Level 3.5 Maces & Flails
 + Level 3.3 Dodging
 - Level 1.4 Stealth


You had 3 spell levels left.
You didn't know any spells.
Your spell library was empty.

Dungeon Overview and Level Annotations

Branches:
Dungeon (3/15)

Altars:


Innate Abilities, Weirdness & Mutations

You are too large for most types of armour.
You have tough skin. (AC +1)
You are dopey. (Int -2)
You passively map a small area around you.


Message History

The puff of frost hits you!
* * * LOW HITPOINT WARNING * * *
As you read the scroll labelled SETHIA HIRUAWO, it crumbles to dust.
It is a scroll of identify.
h - 2 scrolls of enchant armour Something hits you.
* * * LOW HITPOINT WARNING * * *
As you read the scroll labelled ONITAT YSMOCS, it crumbles to dust.
It is a scroll of enchant weapon.
Your +0 mace glows red for a moment.
Something hits you.
* * * LOW HITPOINT WARNING * * *
Something hits you.
* * * LOW HITPOINT WARNING * * *
You miss something.
You hear some strange, mumbled words.
A magic dart appears from out of thin air!
The magic dart hits you.
* * * LOW HITPOINT WARNING * * *
You hit something. Something hits you.
You die...

* ,*** #### ##### ,
,, ..# ....# * *#.#
....# , .. #.#*....#
, ########* #.# #@#
....# , #......#
#.####{##)...###
###.##.#
#.>...S..?......
#...<#.#
#..###.#.{.....#
#....#.# #..#
#.#.###.### ######.#
#..###.#.# ..
#......# #.)....#.#
* # *
###.#######..#####.#
, , , ,
#................. ,


You could see an adder.

Vanquished Creatures
  An orc wizard (D:3)
  An adder (D:2)
  4 worms (D:2)
  4 dart slugs
  A leopard gecko (D:1)
  2 orcs (D:3)
  A ball python (D:2)
  6 bats
  5 giant cockroaches (D:1)
  2 goblins
  5 hobgoblins
  3 jackals (D:2)
  A quokka (D:2)
  3 frilled lizards
  4 kobolds
  4 rats
47 creatures vanquished.

Notes
Turn   | Place    | Note
-------+----------+-------------------------------------------
     0 | D:1      | runemasterragnar the Ogre Monk began the quest for the Orb.
     0 | D:1      | Reached XP level 1. HP: 24/24 MP: 1/1
   141 | D:1      | Reached XP level 2. HP: 32/32 MP: 2/2
   524 | D:1      | Reached XP level 3. HP: 40/40 MP: 3/3
  1573 | D:2      | Reached skill level 5 in Fighting
  1573 | D:2      | Reached XP level 4. HP: 41/50 MP: 4/4
  2240 | D:3      | Gained mutation: You are dopey. (Int -2) [potion of
                  | mutation]
  2240 | D:3      | Gained mutation: You passively map a small area around you.
                  | [potion of mutation]
  2244 | D:3      | HP: 1/50 [something/magic dart (3)]
  2245 | D:3      | Slain by an orc wizard

Illustrated notes

Levels and vault maps discovered:
D:1:      dpeg_arrival_prison, layout_basic
D:2:      layout_loops_ring, feat_on_display
D:3:      layout_basic, lemuel_crystal_altar, minmay_snake_closets

Skill      XL: |  1  2  3 |
---------------+----------+-----
Maces & Flails | 3 |  3.5
Dodging        | 3 |  3.3
Fighting       | 5 |  5.5
Stealth        | |  1.4

Action                   |  1- 3 |  4- 6 || total
-------------------------+-------+-------++-------
Melee: Mace              |   116 |    57 ||   173
  Use: Potion            |       |     5 ||     5
       Scroll            |       |     3 ||     3
 Stab: Sleeping          |     3 |     1 ||     4
Armor: Robe              |    50 |     6 ||    56
Dodge: Dodged            |    86 |    19 ||   105
